General information
- name: BNet
- type: Ladder team game (AT/RT)
- host: Battle.net
- saver: DERNlEREVOLONTE
map: Mur'gulOasis
- players: 8
- length: 17:26
- speed: Fast
- version: 1.26 W3XP
- replay type: Public
» download(88 KB)
Players
team 1 (loser)
Evilharry (
orange | 45 APM | 265 actions | 05:53)
2 Far Seer
1 Feral Spirit
1 Chain Lighting
» actions
| Assign group hotkey | 5 | |
| Build / train | 18 | |
| Enter build submenu | 6 | |
| Enter hero's abilities submenu | 2 | |
| Remove unit from queue | 2 | |
| Right click | 84 | |
| Select / deselect | 98 | |
| Select group hotkey | 41 | |
| Use ability | 9 | |
265 total
» units
» buildings
| Altar of Storms | 1 | |
| Orc Burrow | 3 | |
| Barracks | 1 | |
| War Mill | 1 | |
| Stronghold | 1 | |
7 total
» build order
00:13 Altar of Storms
00:20 Orc Burrow
00:37 Barracks
01:28 Orc Burrow
02:39 War Mill
03:20 Orc Burrow
03:58 Stronghold
DVphone (
pink | 16 APM | 274 actions | 17:25)
1 Archmage
1 Blizzard
» actions
| Basic commands | 16 | |
| Build / train | 25 | |
| Enter build submenu | 36 | |
| Enter hero's abilities submenu | 1 | |
| Right click | 38 | |
| Select / deselect | 119 | |
| Use ability | 39 | |
274 total
» units
» upgrades
» buildings
| Farm | 10 | |
| Altar of Kings | 1 | |
| Scout Tower | 10 | |
| Lumber Mill | 2 | |
| Guard Tower | 2 | |
| Keep | 1 | |
| Blacksmith | 1 | |
| Ancient Protector | 11 | |
38 total
» build order
02:37 Farm
02:42 Altar of Kings
03:02 Farm
03:10 Farm
03:33 Farm
03:49 Scout Tower
03:51 Farm
04:09 Scout Tower
04:10 Scout Tower
04:24 Lumber Mill
04:35 Lumber Mill
04:52 Farm
04:59 Farm
05:14 Guard Tower
05:21 Farm
05:36 Keep
05:40 Blacksmith
06:15 Farm
06:59 Farm
10:00 Scout Tower
10:02 Scout Tower
10:04 Scout Tower
10:09 Scout Tower
10:12 Scout Tower
10:17 Scout Tower
10:19 Scout Tower
10:34 Ancient Protector
10:39 Ancient Protector
10:42 Ancient Protector
10:45 Ancient Protector
10:48 Ancient Protector
10:52 Ancient Protector
11:00 Ancient Protector
11:03 Ancient Protector
11:07 Ancient Protector
11:10 Ancient Protector
11:25 Ancient Protector
11:29 Guard Tower
muskokabeaver (
green | 43 APM | 393 actions | 09:05)
1 Demon Hunter
1 Mana Burn
» actions
| Basic commands | 4 | |
| Build / train | 31 | |
| Enter build submenu | 9 | |
| Enter hero's abilities submenu | 1 | |
| Remove unit from queue | 1 | |
| Right click | 204 | |
| Select / deselect | 116 | |
| Use ability | 27 | |
393 total
» units
» upgrades
| Strength of the Moon | 2 | |
| Moon Armor | 3 | |
5 total
» buildings
| Altar of Elders | 1 | |
| Moon Well | 5 | |
| Ancient of War | 1 | |
| Hunter's Hall | 1 | |
| Tree of Ages | 1 | |
| Ancient of Wonders | 1 | |
| Tree of Eternity | 1 | |
11 total
» build order
00:03 Altar of Elders
00:07 Moon Well
01:09 Moon Well
01:59 Moon Well
02:11 Ancient of War
02:26 Hunter's Hall
04:46 Tree of Ages
04:51 Moon Well
05:28 Ancient of Wonders
06:30 Moon Well
08:53 Tree of Eternity
» items
YourBestFriend (
teal | 30 APM | 171 actions | 05:44)
» actions
| Basic commands | 1 | |
| Build / train | 18 | |
| Enter build submenu | 6 | |
| Right click | 111 | |
| Select / deselect | 26 | |
| Use ability | 9 | |
171 total
» units
» buildings
| Lumber Mill | 1 | |
| Farm | 1 | |
| Scout Tower | 6 | |
| Guard Tower | 2 | |
10 total
» build order
00:38 Lumber Mill
00:42 Farm
02:10 Scout Tower
02:29 Scout Tower
04:28 Scout Tower
04:35 Scout Tower
04:36 Scout Tower
04:37 Scout Tower
04:41 Guard Tower
05:02 Guard Tower
team 2 (winner)
KevinKillerK (
blue | 51 APM | 887 actions | 17:25)
3 Mountain King
2 Storm Bolt
1 Bash
» actions
| Assign group hotkey | 80 | |
| Basic commands | 1 | |
| Build / train | 48 | |
| Enter build submenu | 25 | |
| Enter hero's abilities submenu | 3 | |
| Right click | 305 | |
| Select / deselect | 168 | |
| Select group hotkey | 211 | |
| Use ability | 46 | |
887 total
» units
| Peasant | 16 | |
| Footman | 5 | |
| Mortar Team | 7 | |
28 total
» upgrades
| Masonry | 1 | |
| Gunpowder | 2 | |
| Lumber Harvesting | 2 | |
| Fragmentation Shards | 1 | |
6 total
» buildings
| Barracks | 2 | |
| Altar of Kings | 1 | |
| Farm | 9 | |
| Scout Tower | 1 | |
| Arcane Tower | 1 | |
| Arcane Vault | 1 | |
| Lumber Mill | 1 | |
| Keep | 1 | |
| Blacksmith | 1 | |
| Castle | 1 | |
| Workshop | 2 | |
| Town Hall | 1 | |
22 total
» build order
01:58 Barracks
02:07 Altar of Kings
02:11 Farm
02:56 Farm
03:54 Scout Tower
04:25 Arcane Tower
04:54 Arcane Vault
05:43 Farm
06:00 Lumber Mill
06:37 Barracks
06:56 Keep
07:01 Blacksmith
08:46 Farm
09:29 Castle
10:21 Workshop
11:44 Workshop
13:30 Town Hall
15:23 Farm
15:24 Farm
15:29 Farm
15:30 Farm
15:32 Farm
» items
| Scroll of Regeneration | 3 | |
| Lesser Clarity Potion | 1 | |
| Mechanical Critter | 1 | |
| Potion of Healing | 1 | |
| Potion of Mana | 1 | |
7 total
DERNlEREVOLONTE (
purple | 83 APM | 1453 actions | 17:26)
5 Blood Mage
3 Flame Strike
2 Siphon Mana
» actions
| Assign group hotkey | 42 | |
| Basic commands | 38 | |
| Build / train | 87 | |
| ESC pressed | 1 | |
| Enter build submenu | 22 | |
| Enter hero's abilities submenu | 5 | |
| Give item / drop item | 1 | |
| Remove unit from queue | 1 | |
| Right click | 472 | |
| Select / deselect | 214 | |
| Select group hotkey | 498 | |
| Use ability | 72 | |
1453 total
» units
| Peasant | 14 | |
| Footman | 11 | |
| Mortar Team | 4 | |
| Rifleman | 2 | |
| Siege Engine | 1 | |
32 total
» upgrades
| Defend | 1 | |
| Masonry | 3 | |
| Swords | 3 | |
| Gunpowder | 3 | |
| Lumber Harvesting | 2 | |
| Backpack | 1 | |
| Flare | 1 | |
| Long Rifles | 1 | |
| Armor | 1 | |
| Plating | 1 | |
| Fragmentation Shards | 1 | |
| Barrage | 1 | |
19 total
» buildings
| Barracks | 1 | |
| Altar of Kings | 1 | |
| Farm | 8 | |
| Lumber Mill | 1 | |
| Arcane Vault | 1 | |
| Keep | 3 | |
| Blacksmith | 1 | |
| Scout Tower | 1 | |
| Guard Tower | 1 | |
| Workshop | 3 | |
| Castle | 4 | |
25 total
» build order
00:12 Barracks
00:14 Altar of Kings
00:22 Farm
01:01 Farm
02:41 Farm
03:18 Lumber Mill
03:23 Farm
04:26 Farm
05:07 Arcane Vault
06:09 Keep
06:09 Keep
06:39 Blacksmith
06:43 Scout Tower
07:20 Guard Tower
07:46 Farm
08:30 Workshop
08:51 Farm
12:46 Castle
12:46 Castle
12:46 Castle
12:53 Farm
13:40 Workshop
13:44 Workshop
» items
| Boots of Speed | 1 | |
| Periapt of Vitality | 1 | |
| Staff of Teleportation | 1 | |
| Scroll of Regeneration | 2 | |
| Lesser Clarity Potion | 1 | |
| Scroll of Town Portal | 1 | |
| Potion of Invisibility | 1 | |
8 total
faysals (
yellow | 36 APM | 626 actions | 17:25)
5 Archmage
2 Summon Water Elemental
1 Brilliance Aura
2 Blizzard
3 Blood Mage
2 Flame Strike
1 Siphon Mana
» actions
| Assign group hotkey | 3 | |
| Basic commands | 52 | |
| Build / train | 42 | |
| Enter build submenu | 21 | |
| Enter hero's abilities submenu | 8 | |
| Right click | 270 | |
| Select / deselect | 182 | |
| Select group hotkey | 7 | |
| Use ability | 41 | |
626 total
» units
| Peasant | 8 | |
| Footman | 7 | |
| Knight | 5 | |
| Mortar Team | 2 | |
22 total
» upgrades
| Swords | 2 | |
| Plating | 2 | |
| Animal War Training | 1 | |
5 total
» buildings
| Altar of Kings | 1 | |
| Farm | 8 | |
| Lumber Mill | 1 | |
| Scout Tower | 2 | |
| Barracks | 2 | |
| Guard Tower | 2 | |
| Keep | 1 | |
| Castle | 1 | |
| Blacksmith | 2 | |
| Arcane Vault | 1 | |
| Workshop | 2 | |
23 total
» build order
00:22 Altar of Kings
00:39 Farm
01:00 Lumber Mill
01:15 Scout Tower
01:44 Scout Tower
01:55 Barracks
02:11 Guard Tower
02:13 Guard Tower
02:56 Farm
03:11 Keep
03:42 Farm
04:51 Farm
06:16 Castle
06:23 Farm
07:45 Barracks
07:48 Blacksmith
09:35 Blacksmith
09:42 Farm
10:33 Arcane Vault
11:02 Farm
12:07 Farm
15:08 Workshop
15:15 Workshop
» items
c0nvict (
red | 54 APM | 946 actions | 17:25)
5 Paladin
1 Holy Light
3 Devotion Aura
1 Divine Shield
» actions
| Assign group hotkey | 15 | |
| Build / train | 104 | |
| Enter build submenu | 22 | |
| Enter hero's abilities submenu | 5 | |
| Right click | 455 | |
| Select / deselect | 244 | |
| Select group hotkey | 42 | |
| Use ability | 59 | |
946 total
» units
» upgrades
| Masonry | 2 | |
| Gunpowder | 2 | |
| Armor | 1 | |
| Long Rifles | 1 | |
| Lumber Harvesting | 1 | |
7 total
» buildings
| Farm | 8 | |
| Blacksmith | 2 | |
| Altar of Kings | 1 | |
| Barracks | 2 | |
| Scout Tower | 3 | |
| Lumber Mill | 1 | |
| Guard Tower | 6 | |
| Arcane Vault | 1 | |
| Keep | 4 | |
| Town Hall | 2 | |
| Castle | 3 | |
33 total
» build order
00:24 Farm
00:32 Blacksmith
01:08 Altar of Kings
01:41 Barracks
01:54 Scout Tower
02:18 Farm
02:29 Lumber Mill
03:19 Farm
03:34 Barracks
03:37 Guard Tower
03:37 Guard Tower
03:56 Arcane Vault
04:09 Farm
04:22 Blacksmith
05:42 Farm
05:50 Scout Tower
06:28 Guard Tower
06:28 Guard Tower
06:43 Keep
06:43 Keep
06:43 Keep
06:59 Farm
07:06 Scout Tower
09:32 Town Hall
15:46 Farm
15:49 Farm
15:55 Town Hall
17:24 Castle
17:25 Castle
17:25 Castle
» items
| Scroll of Regeneration | 2 | |
| Lesser Clarity Potion | 1 | |
| Potion of Healing | 1 | |
4 total
Chat log
(01:17 / Allies) DERNlEREVOLONTE: free expo for me
(01:30 / Allies) DERNlEREVOLONTE: what the fuck is that?
(02:07 / Allies) c0nvict: lil faith bra
(02:47 / All) DERNlEREVOLONTE: damn he was afk I was gonna expo there
(02:50 / All) DERNlEREVOLONTE: messed up my game plans now
(02:58 / Allies) DERNlEREVOLONTE: wtf are these faggots doing
(03:04 / Allies) faysals: lol
(04:29 / Allies) faysals: i bet teal has nothing
(04:36 / Allies) faysals: he's been trying to tower left and right
(04:46 / Allies) DERNlEREVOLONTE: check here
(04:50 / Allies) DERNlEREVOLONTE: might still
(05:01 / Allies) DERNlEREVOLONTE: yep lol
(05:15 / Allies) KevinKillerK: lol
(05:19 / All) DERNlEREVOLONTE: Poor teal
(05:29 / All) YourBestFriend: 0-5
(05:33 / All) YourBestFriend: too bad
(05:55 / All) DERNlEREVOLONTE: lol
(09:03 / All) DERNlEREVOLONTE: You can all leave by the way
(09:05 / All) DERNlEREVOLONTE: I suppose
(09:21 / All) DERNlEREVOLONTE: i called you great at something
(09:27 / All) DERNlEREVOLONTE: Hold up your end of the bargain
(09:31 / All) DVphone: one more of ur ally
(09:35 / All) DVphone: need to say it
(09:37 / All) DVphone: hurry
(09:39 / All) DVphone: in 5 sec
(09:39 / Allies) DERNlEREVOLONTE: call him great at being terrible at wc3
(09:40 / All) DVphone: 4
(09:42 / All) DVphone: say great
(09:45 / All) DVphone: or i go browse
(09:47 / All) DVphone: 5
(09:48 / All) DVphone: 4
(09:49 / All) DVphone: 3
(09:49 / Allies) DERNlEREVOLONTE: say it faggots
(09:50 / All) DVphone: 2
(09:51 / All) DVphone: 1
(09:54 / All) DVphone: browe time
(09:57 / All) DVphone: have fun
(09:58 / All) DERNlEREVOLONTE: They don't speak english
(10:02 / All) DERNlEREVOLONTE: What site are you browsing?
(11:09 / Allies) DERNlEREVOLONTE: wtf are you doing
(11:11 / Allies) DERNlEREVOLONTE: this isn't time to tech
(11:13 / Allies) DERNlEREVOLONTE: he is afk retard
(11:23 / Allies) faysals: lol what difference does it make?
(11:27 / Allies) DERNlEREVOLONTE: a time difference
(11:29 / Allies) DERNlEREVOLONTE: time is valuable
(11:49 / Allies) faysals: my last game .
(11:54 / Allies) faysals: if we win its over
(14:03 / Allies) DERNlEREVOLONTE: flame strike
(14:19 / Allies) DERNlEREVOLONTE: that was a terrible flame strike
(14:22 / Allies) DERNlEREVOLONTE: you are awful at this game
(16:20 / All) DERNlEREVOLONTE: you went afk to browse but took the time to tower? lol
(16:27 / Allies) DERNlEREVOLONTE: don't send in your mk retard
(16:31 / Allies) DERNlEREVOLONTE: lol
(16:38 / All) KevinKillerK: does it matter
(16:45 / All) DERNlEREVOLONTE: yes it makes you look like a retard
(16:59 / All) KevinKillerK: do i carw how i look at this point
(17:08 / All) DERNlEREVOLONTE: you should try to be presentable
(17:13 / All) KevinKillerK: im not combing my hair to play wc3
(17:19 / All) DERNlEREVOLONTE: for when I upload this to http://highper.ch
(17:22 / All) DERNlEREVOLONTE: Now people will laugh at you